 Dungeon Crawl Stone Soup version 0.23-a0-454-gae4fabde77 (webtiles) character file.

88 Esekla the Poker (level 4, -2/34 HPs)
             Began as a Gnoll Wanderer on Nov 24, 2018.
             Slain by a kobold
             ... wielding a +3 dagger
              (5 damage)
             ... on level 2 of the Dungeon.
             The game lasted 00:04:18 (398 turns).

Esekla the Poker (Gnoll Wanderer)                    Turns: 398, Time: 00:04:18

Health: -2/34      AC:  5    Str: 13    XL:     4   Next: 54%
Magic:  6/6        EV: 10    Int: 14    God:
Gold:   36         SH:  0    Dex: 17    Spells: 5/5 levels left

rFire    . . .     SeeInvis .   a - +2 spear
rCold    . . .     Gourm    .   (no shield)
rNeg     . . .     Faith    .   b - +0 ring mail
rPois    .         Spirit   .   (no helmet)
rElec    .         Reflect  .   (no cloak)
rCorr    .         Harm     .   (no gloves)
MR       .....                  (no boots)
Stlth    ++........             (no amulet)
HPRegen  0.11/turn              (no ring)
MPRegen  0.10/turn              (no ring)

@: no status effects
A: distributed training, fangs 1, strong nose
a: no special abilities


You were on level 2 of the Dungeon.
You were not hungry.

You visited 1 branch of the dungeon, and saw 2 of its levels.

You collected 36 gold pieces.

Inventory:

Hand Weapons
 a - a +2 spear (weapon)
Armour
 b - a +0 ring mail (worn)
Jewellery
 j - an uncursed ring of protection from cold {unknown}
Scrolls
 e - a scroll of identify {unknown}
 f - a scroll of remove curse {unknown}
 g - a scroll of blinking {unknown}
 i - a scroll of magic mapping {unknown}
Potions
 c - a potion of lignification
 h - a potion of curing {unknown}
Comestibles
 d - 2 rations


   Skills:
 + Level 2.7 Fighting
 + Level 1.1 Short Blades
 + Level 1.1 Long Blades
 + Level 1.1 Axes
 + Level 4.6 Maces & Flails
 + Level 6.6 Polearms
 + Level 1.1 Staves
 + Level 1.1 Slings
 + Level 1.1 Bows
 + Level 1.1 Crossbows
 + Level 1.1 Throwing
 + Level 2.7 Armour
 + Level 1.1 Dodging
 + Level 2.5 Stealth
 + Level 2.7 Shields
 + Level 1.1 Unarmed Combat
 + Level 1.1 Spellcasting
 + Level 0.9 Conjurations
 + Level 0.9 Hexes
 + Level 0.9 Charms
 + Level 0.9 Summonings
 + Level 0.9 Necromancy
 + Level 0.9 Translocations
 + Level 0.9 Transmutations
 + Level 0.9 Fire Magic
 + Level 0.9 Ice Magic
 + Level 0.9 Air Magic
 + Level 0.9 Earth Magic
 + Level 0.9 Poison Magic
 + Level 1.2 Invocations
 + Level 2.7 Evocations


You had 5 spell levels left.
You didn't know any spells.
Your spell library was empty.

Dungeon Overview and Level Annotations

Branches:
Dungeon (2/15)

Altars:


Innate Abilities, Weirdness & Mutations

Your experience applies equally to all skills.
You have very sharp teeth.
Your uncanny sense of smell can sniff out nearby items.


Message History

A worm comes into view.
A kobold comes into view. It is wielding a +3 dagger.
The kobold moves out of view.
Found 4 gold pieces.
Found a scroll labeled RAGIABBIASI.
The kobold closely misses you.
You see here a scroll labeled BUMOIM OFEE.
You hit the kobold. Your bite misses the kobold.
The kobold is heavily wounded.
Press: ? - help, v - describe, . - travel
Here: a kobold, wielding a +3 dagger (heavily wounded)
The floor.
You barely miss the kobold.
The kobold is heavily wounded.
The kobold hits you with a +3 dagger.
* * * LOW HITPOINT WARNING * * *
You hit the kobold but do no damage.
The kobold is heavily wounded.
The kobold hits you with a +3 dagger.
You die...

∆ ..... ...... .....####
### .......+.$. ∆ ...
.?.....#.......#.
#####.##.#..........#...
........K+..............
#...@.#..........#...
#....................
....#.##................
... #..#.............†#+
. ................<....
..#.................. ..
#...#..............
.................#+#...
...............+.####


You could see a kobold.

Vanquished Creatures
  A bullfrog (D:2)
  An adder (D:2)
  A bat (D:1)
  2 goblins (D:1)
  3 hobgoblins (D:1)
  3 frilled lizards
  2 kobolds (D:1)
  A rat (D:1)
14 creatures vanquished.

Notes
Turn   | Place    | Note
-------+----------+-------------------------------------------
     0 | D:1      | Esekla the Gnoll Wanderer began the quest for the Orb.
     0 | D:1      | Esekla set off with the following items: a +2 spear, a +0
                  | ring mail, a potion of lignification, a ration
     0 | D:1      | Reached XP level 1. HP: 17/17 MP: 2/2
   173 | D:1      | Reached XP level 2. HP: 23/23 MP: 3/3
   351 | D:2      | Noticed a bullfrog
   360 | D:2      | Killed a bullfrog
   360 | D:2      | Reached skill level 1 in Short Blades
   360 | D:2      | Reached skill level 1 in Long Blades
   360 | D:2      | Reached skill level 1 in Axes
   360 | D:2      | Reached skill level 1 in Staves
   360 | D:2      | Reached skill level 1 in Slings
   360 | D:2      | Reached skill level 1 in Bows
   360 | D:2      | Reached skill level 1 in Crossbows
   360 | D:2      | Reached skill level 1 in Throwing
   360 | D:2      | Reached skill level 1 in Dodging
   360 | D:2      | Reached skill level 1 in Unarmed Combat
   360 | D:2      | Reached skill level 1 in Spellcasting
   360 | D:2      | Reached skill level 1 in Invocations
   360 | D:2      | Reached XP level 3. HP: 2/28 MP: 3/5
   360 | D:2      | Reached XP level 4. HP: 3/34 MP: 3/6
   398 | D:2      | Slain by a kobold

Vault maps used:
D:1:      nicolae_arrival_memento_mori, kennysheep_nondescript
D:2:      grunt_gozag_breadcrumbs, lemuel_crystal_altar, minmay_pentomino_w4

Skill      XL: |  1  2 |
---------------+-------+-----
Short Blades   | 1 |  1.1
Long Blades    | 1 |  1.1
Axes           | 1 |  1.1
Staves         | 1 |  1.1
Slings         | 1 |  1.1
Bows           | 1 |  1.1
Crossbows      | 1 |  1.1
Throwing       | 1 |  1.1
Dodging        | 1 |  1.1
Unarmed Combat | 1 |  1.1
Spellcasting   | 1 |  1.1
Invocations    | 1 |  1.2
Fighting       | |  2.7
Maces & Flails | |  4.6
Polearms       | |  6.6
Armour         | |  2.7
Stealth        | |  2.5
Shields        | |  2.7
Conjurations   | |  0.9
Hexes          | |  0.9
Charms         | |  0.9
Summonings     | |  0.9
Necromancy     | |  0.9
Translocations | |  0.9
Transmutations | |  0.9
Fire Magic     | |  0.9
Ice Magic      | |  0.9
Air Magic      | |  0.9
Earth Magic    | |  0.9
Poison Magic   | |  0.9
Evocations     | |  2.7

Action                   |  1- 3 |  4- 6 || total
-------------------------+-------+-------++-------
Melee: Spear             |    37 |     8 ||    45
       Bite              |     5 |       ||     5
 Stab: Sleeping          |     2 |       ||     2
Armor: Ring mail         |     7 |       ||     7
Dodge: Dodged            |    20 |     4 ||    24

Table legend:
 A = Non-vault XP
 B = Vault XP
 C = Vault XP percentage of total XP
 D = Non-vault monster count
 E = Vault monster count
 F = Vault count percentage of total count
                 A         B        C        D         E       F
            +---------+---------+-------+---------+---------+-------
      Total |     127 |       0 |   0.0 |      14 |       0 |   0.0
            +---------+---------+-------+---------+---------+-------
        D:1 |      17 |       0 |   0.0 |      11 |       0 |   0.0
        D:2 |     110 |       0 |   0.0 |       3 |       0 |   0.0
            +---------+---------+-------+---------+---------+-------
